| TOP OF THE 1ST |
|
Niagara Falls Rapids batting - Pitching for Jamestown Falcons : LHP Jim Morris
|
|
Pitching: LHP Jim Morris
|
|
|
Batting: LHB John Gibbons
|
0-0: Ball 1-0: Called Strike 1-1: Called Strike 1-2: Ground out U3 (Groundball, 3, EV 78.1 MPH)
|
|
Batting: LHB Joe Vavra
|
0-0: Ground out 3-1 (Groundball, 34, EV 96.3 MPH)
|
|
Batting: LHB John Rubel
|
0-0: Ball 1-0: Foul Ball, location: 2F 1-1: Foul Ball, location: 2F 1-2: Fly out, F8 (Flyball, 8LM, EV 78.1 MPH)
|
| Top of the 1st over - 0 runs, 0 hits, 0 errors, 0 left on base; Niagara Falls 0 - Jamestown 0 |
| BOTTOM OF THE 1ST |
|
Jamestown Falcons batting - Pitching for Niagara Falls Rapids : RHP Carlos Montijo
|
|
Pitching: RHP Carlos Montijo
|
|
|
Batting: RHB Nelson Rood
|
0-0: Ground out U3 (Groundball, 34, EV 103.1 MPH)
|
|
Batting: LHB Mark Meleski
|
0-0: Ball 1-0: Swinging Strike 1-1: Foul Ball, location: 2F 1-2: Strikes out looking
|
|
Batting: LHB Warren Bachmann
|
0-0: Ground out 6-3 (Groundball, 6M, EV 75.6 MPH)
|
| Bottom of the 1st over - 0 runs, 0 hits, 0 errors, 0 left on base; Niagara Falls 0 - Jamestown 0 |
| TOP OF THE 2ND |
|
Niagara Falls Rapids batting - Pitching for Jamestown Falcons : LHP Jim Morris
|
|
Batting: LHB Thomas Krupa
|
0-0: Ball 1-0: Ball 2-0: Called Strike 2-1: Foul Ball, location: 2F 2-2: Strikes out looking
|
|
Batting: RHB Milo Choate
|
0-0: Ball 1-0: Ground out U3 (Groundball, 13, EV 86.3 MPH)
|
|
Batting: LHB Brad Winkler
|
0-0: Called Strike 0-1: Fly out, F7 (Flyball, 78M, EV 88.1 MPH)
|
| Top of the 2nd over - 0 runs, 0 hits, 0 errors, 0 left on base; Niagara Falls 0 - Jamestown 0 |
| BOTTOM OF THE 2ND |
|
Jamestown Falcons batting - Pitching for Niagara Falls Rapids : RHP Carlos Montijo
|
|
Batting: LHB Jack Howell
|
0-0: Called Strike 0-1: Ball 1-1: DOUBLE (Line Drive, 78D, EV 102.5 MPH)
|
|
Batting: RHB Glen Stacheit
|
0-0: Called Strike 0-1: Swinging Strike 0-2: Foul Ball, location: 2F 0-2: Strikes out swinging
|
|
Batting: RHB Ronald Arnold
|
0-0: Called Strike 0-1: Swinging Strike 0-2: Ball 1-2: Foul Ball, location: 2F 1-2: Ball 2-2: Ball 3-2: Base on Balls
|
|
Batting: LHB Darren Riley
|
0-0: SINGLE (Groundball, 56D, EV 94.4 MPH) Jack Howell to third Ronald Arnold to second Runner from 3rd tries for Home, SAFE, throw by LF to home
|
|
Batting: RHB Herman Cunningham
|
0-0: Called Strike 0-1: Foul Ball, location: 2F 0-2: Strikes out swinging
|
|
Batting: RHB Joe Oliver
|
0-0: Ball 1-0: Called Strike 1-1: Fly out, F6 (Flyball, 56D, EV 76.9 MPH)
|
| Bottom of the 2nd over - 1 run, 2 hits, 0 errors, 2 left on base; Niagara Falls 0 - Jamestown 1 |
| TOP OF THE 3RD |
|
Niagara Falls Rapids batting - Pitching for Jamestown Falcons : LHP Jim Morris
|
|
Batting: RHB Jeff Schaefer
|
0-0: Called Strike 0-1: Ball 1-1: Foul Ball, location: 2F 1-2: Foul Ball, location: 2F 1-2: Ball 2-2: Fly out, F6 (Popup, 6M, EV 75.6 MPH)
|
|
Batting: LHB Eric Brock
|
0-0: Ball 1-0: Foul Ball, location: 2F 1-1: Foul Ball, location: 2F 1-2: Ball 2-2: Strikes out looking
|
|
Batting: RHB Mark Krynitsky
|
0-0: Swinging Strike 0-1: Ball 1-1: Ball 2-1: Foul Ball, location: 2F 2-2: Foul Ball, location: 2F 2-2: Foul Ball, location: 2F 2-2: Ball 3-2: Fly out, F3 (Popup, 23F, EV 83.1 MPH)
|
| Top of the 3rd over - 0 runs, 0 hits, 0 errors, 0 left on base; Niagara Falls 0 - Jamestown 1 |
| BOTTOM OF THE 3RD |
|
Jamestown Falcons batting - Pitching for Niagara Falls Rapids : RHP Carlos Montijo
|
|
Batting: RHB Nelson Rood
|
0-0: Ball 1-0: Called Strike 1-1: Called Strike 1-2: Foul Ball, location: 2F 1-2: Ball 2-2: Strikes out swinging
|
|
Batting: LHB Mark Meleski
|
0-0: Swinging Strike 0-1: Ball 1-1: Ball 2-1: SINGLE (Groundball, 4MD, EV 94.4 MPH)
|
|
Batting: LHB Warren Bachmann
|
0-0: Grounds into double play, 4-6-3 (Groundball, 4, EV 105.0 MPH)
|
| Bottom of the 3rd over - 0 runs, 1 hit, 0 errors, 0 left on base; Niagara Falls 0 - Jamestown 1 |
| TOP OF THE 4TH |
|
Niagara Falls Rapids batting - Pitching for Jamestown Falcons : LHP Jim Morris
|
|
Batting: LHB John Gibbons
|
0-0: Called Strike 0-1: SINGLE (Groundball, 25, EV 74.4 MPH) (infield hit)
|
|
Batting: LHB Joe Vavra
|
0-0: Ball 1-0: Ball 2-0: Foul Ball, location: 2F 2-1: Foul Ball, location: 2F 2-2: Strikes out swinging
|
|
Batting: LHB John Rubel
|
0-0: Ball 1-0: Foul Ball, location: 2F 1-1: Swinging Strike 1-2: Strikes out swinging
|
|
Batting: LHB Thomas Krupa
|
0-0: Ball 1-0: Ball 2-0: Fly out, F8 (Line Drive, 8LM, EV 102.5 MPH)
|
| Top of the 4th over - 0 runs, 1 hit, 0 errors, 1 left on base; Niagara Falls 0 - Jamestown 1 |
| BOTTOM OF THE 4TH |
|
Jamestown Falcons batting - Pitching for Niagara Falls Rapids : RHP Carlos Montijo
|
|
Batting: LHB Jack Howell
|
0-0: Ball 1-0: Ball 2-0: Swinging Strike 2-1: Foul Ball, location: 2F 2-2: Strikes out swinging
|
|
Batting: RHB Glen Stacheit
|
0-0: Ground out 6-3 (Groundball, 6S, EV 61.3 MPH)
|
|
Batting: RHB Ronald Arnold
|
0-0: Ball 1-0: Ground out 4-3 (Groundball, 4, EV 104.4 MPH)
|
| Bottom of the 4th over - 0 runs, 0 hits, 0 errors, 0 left on base; Niagara Falls 0 - Jamestown 1 |
| TOP OF THE 5TH |
|
Niagara Falls Rapids batting - Pitching for Jamestown Falcons : LHP Jim Morris
|
|
Batting: RHB Milo Choate
|
0-0: Ball 1-0: Ball 2-0: Ball 3-0: Base on Balls
|
|
Batting: LHB Brad Winkler
|
0-0: Ball Milo Choate is caught stealing 2nd base 2-6 1-0: Swinging Strike 1-1: Foul Ball, location: 2F 1-2: Strikes out looking
|
|
Batting: RHB Jeff Schaefer
|
0-0: Ground out U3 (Groundball, 3, EV 95.0 MPH)
|
| Top of the 5th over - 0 runs, 0 hits, 0 errors, 0 left on base; Niagara Falls 0 - Jamestown 1 |
| BOTTOM OF THE 5TH |
|
Jamestown Falcons batting - Pitching for Niagara Falls Rapids : RHP Carlos Montijo
|
|
Batting: LHB Darren Riley
|
0-0: Called Strike 0-1: Ball 1-1: Foul Ball, location: 2F 1-2: Strikes out swinging
|
|
Batting: RHB Herman Cunningham
|
0-0: Called Strike 0-1: Ball 1-1: Foul Ball, location: 2F 1-2: Ball 2-2: Foul Ball, location: 2F 2-2: Foul Ball, location: 2F 2-2: Ball 3-2: Foul Ball, location: 2F 3-2: Strikes out swinging
|
|
Batting: RHB Joe Oliver
|
0-0: Called Strike 0-1: Foul Ball, location: 2F 0-2: Fly out, F8 (Flyball, 8RD, EV 82.5 MPH)
|
| Bottom of the 5th over - 0 runs, 0 hits, 0 errors, 0 left on base; Niagara Falls 0 - Jamestown 1 |
| TOP OF THE 6TH |
|
Niagara Falls Rapids batting - Pitching for Jamestown Falcons : LHP Jim Morris
|
|
Batting: LHB Eric Brock
|
0-0: Ball 1-0: Ball 2-0: Ball 3-0: Base on Balls
|
|
Batting: RHB Mark Krynitsky
|
0-0: Bunt missed! 0-1: Ball 1-1: Bunt missed! 1-2: Strikes out swinging
|
|
Batting: LHB John Gibbons
|
0-0: DOUBLE (Line Drive, 78M, EV 95.0 MPH) Eric Brock to third Runner from 3rd tries for Home, SAFE, no throw by CF
|
|
Batting: LHB Joe Vavra
|
0-0: Called Strike 0-1: Foul Ball, location: 2F 0-2: Ground out U3 (Groundball, 3S, EV 66.9 MPH) John Gibbons to third
|
|
Batting: LHB John Rubel
|
0-0: Called Strike 0-1: Swinging Strike 0-2: Fly out, F8 (Flyball, 89XD, EV 89.4 MPH)
|
| Top of the 6th over - 1 run, 1 hit, 0 errors, 1 left on base; Niagara Falls 1 - Jamestown 1 |
| BOTTOM OF THE 6TH |
|
Jamestown Falcons batting - Pitching for Niagara Falls Rapids : RHP Carlos Montijo
|
|
Batting: RHB Nelson Rood
|
0-0: Ball 1-0: Foul Ball, location: 2F 1-1: Ball 2-1: Foul Ball, location: 2F 2-2: Ball 3-2: Ground out 4-3 (Groundball, 4, EV 79.4 MPH)
|
|
Batting: LHB Mark Meleski
|
0-0: Ball 1-0: Ball 2-0: Ball 3-0: Base on Balls
|
|
Batting: LHB Warren Bachmann
|
0-0: Ball 1-0: Ball 2-0: Called Strike 2-1: Grounds into double play, 6-4-3 (Groundball, 6, EV 92.5 MPH)
|
| Bottom of the 6th over - 0 runs, 0 hits, 0 errors, 0 left on base; Niagara Falls 1 - Jamestown 1 |
| TOP OF THE 7TH |
|
Niagara Falls Rapids batting - Pitching for Jamestown Falcons : LHP Jim Morris
|
|
Batting: LHB Thomas Krupa
|
0-0: Called Strike 0-1: SINGLE (Line Drive, 7LS, EV 99.4 MPH)
|
|
Batting: RHB Milo Choate
|
0-0: Ball 1-0: Ball 2-0: Foul Ball, location: 2F 2-1: Ball 3-1: Base on Balls Thomas Krupa to second
|
|
Pitching: LHP Terrence Jackson
|
|
|
Pinch Runner at 2nd Jeffrey Whelan:
|
|
|
Batting: LHB Brad Winkler
|
0-0: Called Strike 0-1: Ball Wild Pitch! Jeffrey Whelan to third Milo Choate to second 1-1: SINGLE (Groundball, 4D, EV 95.0 MPH) Jeffrey Whelan scores Milo Choate to third Runner from 3rd tries for Home, SAFE, throw by CF to home
|
|
Batting: RHB Jeff Schaefer
|
0-0: Sac Bunt to 23 - play at first, batter OUT! 3-4 Brad Winkler to second
|
|
Batting: LHB Eric Brock
|
0-0: Called Strike 0-1: Ball 1-1: Called Strike 1-2: Ball 2-2: Foul Ball, location: 2F 2-2: Strikes out looking
|
|
Batting: RHB Mark Krynitsky
|
0-0: 2-RUN HOME RUN (Flyball, 78XD, EV 100.0 MPH), Distance : 431 ft
|
|
Batting: LHB John Gibbons
|
0-0: Ball 1-0: Foul Ball, location: 2F 1-1: Ball 2-1: SINGLE (Groundball, 4MD, EV 101.3 MPH)
|
|
Batting: LHB Joe Vavra
|
0-0: Called Strike 0-1: Ball 1-1: Swinging Strike 1-2: Foul Ball, location: 2F 1-2: Ball 2-2: Foul Ball, location: 2F 2-2: Foul Ball, location: 2F 2-2: Fly out, F8 (Flyball, 8LXD, EV 92.5 MPH)
|
| Top of the 7th over - 4 runs, 4 hits, 0 errors, 1 left on base; Niagara Falls 5 - Jamestown 1 |
| BOTTOM OF THE 7TH |
|
Jamestown Falcons batting - Pitching for Niagara Falls Rapids : RHP Carlos Montijo
|
|
Batting: LHB Jack Howell
|
0-0: Ball 1-0: Ball 2-0: Ball 3-0: Called Strike 3-1: Ground out 4-3 (Groundball, 4, EV 84.4 MPH)
|
|
Batting: RHB Glen Stacheit
|
0-0: Ball 1-0: SINGLE (Groundball, 34D, EV 101.9 MPH)
|
|
Batting: RHB Ronald Arnold
|
0-0: Called Strike Glen Stacheit steals 2nd base 0-1: Ball 1-1: Ball 2-1: Fly out, F8 (Line Drive, 8LD, EV 94.4 MPH) Runner from 2nd tags up, SAFE at 3rd with throw by CF
|
|
Batting: LHB Darren Riley
|
0-0: Called Strike 0-1: Ball 1-1: Fly out, F8 (Line Drive, 8LD, EV 96.3 MPH)
|
| Bottom of the 7th over - 0 runs, 1 hit, 0 errors, 1 left on base; Niagara Falls 5 - Jamestown 1 |
| TOP OF THE 8TH |
|
Niagara Falls Rapids batting - Pitching for Jamestown Falcons : LHP Terrence Jackson
|
|
Batting: LHB John Rubel
|
0-0: Ball 1-0: DOUBLE (Line Drive, 5D, EV 105.6 MPH)
|
|
Batting: RHB Jeffrey Whelan
|
0-0: Called Strike 0-1: Fly out, F4 (Line Drive, 4, EV 64.4 MPH) Lined into DP, 4-6 (Line Drive, 4, EV 68.8 MPH)
|
|
Batting: RHB Milo Choate
|
0-0: Swinging Strike 0-1: Ball 1-1: Ball 2-1: Ball 3-1: Base on Balls
|
|
Pitching: LHP Eric Bell
|
|
|
Batting: LHB Brad Winkler
|
0-0: Ball 1-0: Called Strike 1-1: Swinging Strike 1-2: Strikes out swinging
|
| Top of the 8th over - 0 runs, 1 hit, 0 errors, 1 left on base; Niagara Falls 5 - Jamestown 1 |
| BOTTOM OF THE 8TH |
|
Jamestown Falcons batting - Pitching for Niagara Falls Rapids : RHP Carlos Montijo
|
|
Batting: RHB Herman Cunningham
|
0-0: Ball 1-0: Called Strike 1-1: Ball 2-1: DOUBLE (Line Drive, 7LM, EV 105.0 MPH)
|
|
Batting: RHB Joe Oliver
|
0-0: Ball 1-0: Ball 2-0: Called Strike 2-1: Ball 3-1: Fly out, F7 (Flyball, 7LM, EV 100.0 MPH)
|
|
Batting: RHB Nelson Rood
|
0-0: Ground out 1-3 (Groundball, 13S, EV 63.1 MPH) Herman Cunningham to third
|
|
Batting: LHB Mark Meleski
|
0-0: Ball 1-0: Ball 2-0: Called Strike 2-1: Ball 3-1: Base on Balls
|
|
Batting: LHB Warren Bachmann
|
0-0: Fly out, F9 (Flyball, 89M, EV 93.1 MPH)
|
| Bottom of the 8th over - 0 runs, 1 hit, 0 errors, 2 left on base; Niagara Falls 5 - Jamestown 1 |
| TOP OF THE 9TH |
|
Niagara Falls Rapids batting - Pitching for Jamestown Falcons : LHP Eric Bell
|
|
Batting: RHB Jeff Schaefer
|
0-0: Ball 1-0: Fly out, F7 (Flyball, 78D, EV 102.5 MPH)
|
|
Batting: LHB Eric Brock
|
0-0: Ball 1-0: Ball 2-0: Ball 3-0: Called Strike 3-1: Swinging Strike 3-2: Base on Balls
|
|
Batting: RHB Mark Krynitsky
|
0-0: Ball 1-0: Fly out, F9 (Line Drive, 9, EV 103.1 MPH)
|
|
Batting: LHB John Gibbons
|
0-0: Swinging Strike 0-1: Ball 1-1: Foul Ball, location: 2F 1-2: Foul Ball, location: 2F 1-2: Fly out, F8 (Flyball, 8LM, EV 86.3 MPH)
|
| Top of the 9th over - 0 runs, 0 hits, 0 errors, 1 left on base; Niagara Falls 5 - Jamestown 1 |
| BOTTOM OF THE 9TH |
|
Jamestown Falcons batting - Pitching for Niagara Falls Rapids : RHP Carlos Montijo
|
|
Batting: LHB Jack Howell
|
0-0: Ball 1-0: Swinging Strike 1-1: Foul Ball, location: 2F 1-2: Ground out 6-3 (Groundball, 6, EV 83.8 MPH)
|
|
Batting: RHB Glen Stacheit
|
0-0: Ball 1-0: Called Strike 1-1: Foul Ball, location: 2F 1-2: Ball 2-2: Ground out 6-3 (Groundball, 6, EV 79.4 MPH)
|
|
Batting: RHB Ronald Arnold
|
0-0: Ground out 1-3 (Groundball, 13S, EV 68.1 MPH)
|
| Bottom of the 9th over - 0 runs, 0 hits, 0 errors, 0 left on base; Niagara Falls 5 - Jamestown 1 |
|